 Dungeon Crawl Stone Soup version 0.31.0-11-ge490571c62 (webtiles) character file.

Game seed: 6187067810848471684

96 Esekla the Grasshopper (level 4, -2/23 HPs)
             Began as a Vine Stalker Warper on Jan 30, 2024.
             Splashed by a jelly's acid (3 damage)
             ... on level 4 of the Dungeon.
             The game lasted 00:08:40 (2093 turns).

Esekla the Grasshopper (Vine Stalker Warper)        Turns: 2093, Time: 00:08:40

Health: -2/23      AC: -6    Str: 14    XL:     4   Next: 67%
Magic:  0/9        EV: 12    Int: 15    God:
Gold:   137        SH:  0    Dex: 13    Spells: 6/8 levels left

rFire   . . .        a - +0 falchion
rCold   . . .        (no shield)
rNeg    . . .        b - +0 leather armour
rPois   .            m - +0 helmet
rElec   .            (no cloak)
rCorr   .            g - +0 pair of gloves
SInv    .            (no boots)
Will    .....        (no amulet)
Stlth   +            (no ring)
HPRegen 1.03/turn    (no ring)
MPRegen 0.11/turn

%: guardian spirit
@: corroded
A: fangs 2, regeneration 1, magic shield, antimagic bite, no potion heal 2
a: no special abilities


You were on level 4 of the Dungeon.
You visited 1 branch of the dungeon, and saw 4 of its levels.

You collected 137 gold pieces.

Inventory:

Hand Weapons
 a - a +0 falchion (weapon)
 v - a +0 dagger of venom
Missiles
 d - 7 darts of dispersal (quivered)
 i - 2 poisoned darts
Armour
 b - a +0 leather armour (worn)
 g - a +0 pair of gloves (worn)
 m - a +0 helmet (worn)
Scrolls
 c - 2 scrolls of blinking
 e - a scroll of vulnerability {unknown}
 j - a scroll of poison {unknown}
 l - a scroll of identify {unknown}
 n - a scroll of noise {unknown}
 o - a scroll of revelation {unknown}
 p - a scroll of butterflies {unknown}
Potions
 f - 2 potions of invisibility {unknown}
 h - 2 potions of curing {unknown}
 k - a potion of lignification {unknown}


   Skills:
 * Level 2.6 Fighting
 + Level 2.5 Long Blades
 + Level 0.8 Throwing
 - Level 0.7 Armour
 + Level 2.0 Dodging
 * Level 2.7 Spellcasting
 + Level 3.5 Translocations


You had 6 spell levels left.
You knew the following spells:

 Your Spells              Type           Power      Damage    Failure   Level
b - Blink                 Tloc           24%        N/A       10%         2

Your spell library contained the following spells:

 Spells                   Type           Power      Damage    Failure   Level
 Lesser Beckoning         Tloc           24%        N/A       10%         2
 Teleport Other           Tloc           12%        N/A       19%         3
 Manifold Assault         Tloc           12%        N/A       52%         4
 Vhi's Electric Charge    Tloc/Air       14%        N/A       77%         4


Dungeon Overview and Level Annotations

Branches:
Dungeon (4/15)
 Temple: D:4-7

Altars:
Ashenzari
Fedhas
Uskayaw

Shops:
D:2 (


Innate Abilities, Weirdness & Mutations

You have extremely sharp teeth.
Your natural rate of healing is unusually fast.
When hurt, damage is shared between your health and your magic reserves.
Your bite disrupts and absorbs the magic of your enemies.
Potions cannot restore your health.


Message History

You hit the kobold.
You kill the kobold!
You closely miss the giant cockroach.
You bite the giant cockroach, but do no damage.
The giant cockroach closely misses you. x2
You hit the giant cockroach.
The giant cockroach is severely wounded.
The giant cockroach misses you.
You hit the giant cockroach but do no damage.
The giant cockroach is severely wounded.
The giant cockroach bites you but does no damage.
You hit the giant cockroach.
You kill the giant cockroach!
There is an open door here.
Items here: ( ) ††.
There is a stone staircase leading down here.
You climb downwards.
Found an escape hatch in the ceiling.
There is a stone staircase leading up here.
The jelly quivers.
The jelly hits you but does no damage.
You hit the jelly but do no damage.
Your hands burn!
You bite the jelly. You drain its power.
You feel invigorated.
The jelly is moderately wounded.
The jelly hits you. The acid corrodes you!
You are splashed with acid!
You hit the jelly but do no damage. The acid corrodes you!
Your hands burn!
You bite the jelly, but do no damage.
The jelly is moderately wounded.
The jelly hits you. The acid corrodes you!
You are splashed with acid!
* * * LOW HITPOINT WARNING * * *
You hit the jelly but do no damage.
Your hands burn!
* * * LOW HITPOINT WARNING * * *
You bite the jelly. You drain its power.
You feel invigorated.
The jelly is heavily wounded.
The jelly hits you.
* * * LOW HITPOINT WARNING * * *
You are splashed with acid!
* * * LOW HITPOINT WARNING * * *
You hit the jelly but do no damage.
Your hands burn!
You die...

...............
..........#....
.............#
.............#
.............#.
.......<.<.....
...............
...............
.......@.......
.######.J......
#......#.
.........
#######.. ..


You could see a jelly.

Vanquished Creatures
  Robin (D:2)
  2 ribbon worms (D:2)
  6 bats
  4 endoplasms
  3 giant cockroaches
  15 goblins
  9 hobgoblins
  4 jackals (D:1)
  4 quokkas
  5 ball pythons
  9 frilled lizards
  6 kobolds
  5 rats
73 creatures vanquished.

Vanquished Creatures (others)
  A ball python (D:2)
1 creature vanquished.

Grand Total: 74 creatures vanquished

Notes
Turn   | Place    | Note
-------+----------+-------------------------------------------
     0 | D:1      | Esekla the Vine Stalker Warper began the quest for the Orb.
     0 | D:1      | Reached XP level 1. HP: 11/11 MP: 4/4
    98 | D:1      | Reached XP level 2. HP: 15/15 MP: 6/6
   255 | D:1      | You fall into a shaft and drop 1 floor!
   510 | D:2      | Reached XP level 3. HP: 18/18 MP: 4/7
   516 | D:2      | Learned a level 2 spell: Blink
   549 | D:3      | Found a blossoming altar of Fedhas.
   605 | D:2      | Found Abuon's Weapon Shop.
   621 | D:2      | Noticed Robin
   669 | D:2      | Killed Robin
   778 | D:2      | Reached XP level 4. HP: 23/23 MP: 6/8
  1892 | D:3      | Found a faded altar of an unknown god.
  1895 | D:3      | Found a hide-covered altar of Uskayaw.
  1975 | D:3      | Found a broken altar of Ashenzari.
  2092 | D:4      | HP: 1/23 [acid (4)]
  2093 | D:4      | Splashed by a jelly's acid

Illustrated notes

Levels and vault maps discovered:
D:1:      nicolae_arrival_somewhat_less_tricky_arrival, layout_loops_ring,
          minmay_tripent
D:2:      minmay_chambers_of_ones, layout_loops_cross, serial_shops,
          nicolae_shop_tiny_real_fake_doors, uniq_robin
D:3:      layout_basic, nicolae_overflow_crystal_walls,
          nicolae_overflow_ecumenical_swirl, lemuel_crystal_altar,
          nicolae_hepliaklqana_ecumenical_no_more, cheibrodos_ashenzari_chains,
          minmay_pentangle
D:4:      layout_rooms

Skill      XL: |  1  2  3 |
---------------+----------+-----
Fighting       | 2 |  2.6
Long Blades    | 2 |  2.5
Dodging        | 2 |  2.0
Throwing       | |  0.8
Armour         | |  0.7
Spellcasting   | |  2.7
Translocations | |  3.5

Action                     |  1- 3 |  4- 6 || total
---------------------------+-------+-------++-------
  Melee: Falchion          |   118 |    36 ||   154
         Bite              |    24 |    20 ||    44
         Dagger            |    14 |    56 ||    70
         Punch             |     1 |       ||     1
 Armour: Leather armour    |    63 |    37 ||   100
         Skin              |    16 |       ||    16
  Dodge: Dodged            |    77 |    51 ||   128
